Map: Catalyst LE

Players

Optimus - Winner!

  • Race: Terran Terran
  • Spawn Location: 5:00

SKillous (Elroye)

  • Race: Zerg Zerg
  • Spawn Location: 11:00

Event: WCS Valencia 2018

VOD

Have the link to the VOD?

Description

Time

  • Played on: July 12, 2018, 10:21 a.m.
  • Length: 11:52

All games in this series

Show
View Real Time Build Order
Export as new Build Order

Optimus Terran - Winner!

Build Orders: Liberator Opening, Reaper Expand, Mech 

Get SALT Encoding   

  12  0:00  SCV  
  13  0:12  SCV  
  14  0:17  Supply Depot  
  14  0:24  SCV  
  15  0:39  SCV  
  15  0:40  Barracks  
  16  0:44  Refinery  
  16  0:52  SCV  
  17  1:04  SCV  
  18  1:16  SCV  
  19  1:27  Reaper  
  19  1:28  Orbital Command  
  20  1:40  Command Center  
  20  1:48  Supply Depot  
  20  1:53  SCV  
  21  1:59  Marine  
  22  2:06  Factory  
  22  2:09  SCV  
  23  2:15  Refinery  
  23  2:21  SCV, Barracks Reactor  
  24  2:33  SCV  
  25  2:45  SCV  
  26  2:51  Starport  
  26  2:56  Orbital Command  
  26  2:57  SCV  
  27  2:59  Marine x2, Hellion  
  31  3:09  SCV  
  32  3:14  Supply Depot  
  32  3:17  Marine x2  
  34  3:22  SCV  
  34  3:23  SCV  
  36  3:28  Medivac  
  36  3:29  Cyclone  
  41  3:35  SCV, Marine x2  
  41  3:40  Supply Depot  
  44  3:41  SCV  
  44  3:43  Liberator  
  44  3:47  SCV  
  46  3:53  SCV  
  47  3:58  Barracks Tech Lab  
  47  3:59  SCV  
  51  4:05  SCV  
  52  4:10  Hellion  
  52  4:11  SCV, Hellion  
  57  4:18  Command Center  
  57  4:21  SCV  
  57  4:24  SCV  
  59  4:34  SCV  
  59  4:36  SCV  
  61  4:39  Supply Depot  
  61  4:41  Hellion x2  
  65  4:46  SCV  
  65  4:48  SCV  
  67  4:58  SCV  
  68  5:00  SCV  
  68  5:03  Hellion x2  
  68  5:04  Factory x2  
  73  5:07  Refinery  
  73  5:08  Refinery  
  73  5:09  Barracks Tech Lab  
  73  5:10  SCV  
  73  5:12  SCV  
  75  5:21  Armory x2  
  75  5:22  SCV  
  75  5:24  SCV  
  77  5:31  Orbital Command  
  77  5:33  Hellion  
  77  5:34  SCV  
  77  5:36  SCV  
  76  5:46  SCV  
  76  5:48  SCV  
  77  5:52  Starport Reactor  
  75  5:57  Orbital Command  
  75  5:58  SCV  
  75  5:59  Siege Tank x2  
  75  6:00  SCV  
  78  6:04  Hellion x2  
  78  6:10  SCV  
  83  6:12  SCV  
  83  6:15  Terran Vehicle Weapons Level 1  
  83  6:16  Terran Vehicle And Ship Armor Level 1  
  84  6:18  Refinery  
  84  6:21  Refinery  
  84  6:22  SCV  
  84  6:25  SCV x2  
  87  6:31  Hellion x2  
  87  6:32  Engineering Bay, Supply Depot  
  91  6:36  SCV  
  91  6:37  SCV  
  93  6:43  SCV  
  92  6:48  SCV  
  92  6:50  Supply Depot  
  92  6:51  Supply Depot  
  93  6:54  Siege Tank, SCV  
  93  6:56  SCV  
  93  6:58  Hellion x2  
  96  7:08  Supply Depot  
  96  7:09  Supply Depot, Command Center  
  96  7:11  Factory x2  
  92  7:18  SCV x2  
  92  7:19  Barracks Reactor  
  94  7:24  Supply Depot x2  
  94  7:26  Supply Depot, Hellion x2  
  94  7:27  Thor  
  94  7:28  Thor  
  110  7:32  Medivac  
  110  7:33  Medivac  
  110  7:37  Infernal Pre-Igniter  
  110  7:48  Hellion x2  
  102  7:59  Factory Tech Lab  
  102  8:01  SCV x2  
  104  8:06  Hellion x2  
  104  8:10  Siege Tank, Hellion x2  
  104  8:12  Siege Tank  
  118  8:23  Orbital Command  
  118  8:25  Medivac x2  
  118  8:26  Command Center  
  122  8:29  Hellion x2  
  122  8:30  Smart Servos  
  122  8:32  Hellion x2  
  130  8:39  Terran Vehicle Weapons Level 2  
  130  8:41  Terran Vehicle And Ship Armor Level 2  
  130  8:42  Siege Tank  
  132  8:49  Siege Tank  
  132  8:54  Hellion x4  
  143  8:58  Siege Tank  
  146  9:04  Medivac  
  146  9:09  Medivac  
  150  9:15  Hellion  
  150  9:16  Hellion x3  
  156  9:18  Siege Tank  
  156  9:23  SCV x2  
  156  9:24  SCV  
  162  9:27  Siege Tank  
  162  9:31  Hellion x8  
  165  9:32  Refinery  
  165  9:33  Refinery  
  165  9:34  Siege Tank  
  165  9:38  Hellion x4  
  172  9:50  Siege Tank  
  171  9:57  Medivac  
  171  9:59  Siege Tank, Hellion x2  
  182  10:00  Supply Depot, Hellion  
  182  10:01  Medivac  
  182  10:02  Supply Depot  
  180  10:10  Planetary Fortress  
  180  10:14  Command Center  
  178  10:17  Siege Tank  
  181  10:32  Hellion x4  
  181  10:33  Siege Tank x2  
  193  10:49  Siege Tank  
  191  10:53  Hellion x2  
  191  10:55  Medivac x2  
  175  10:59  Hellion x2  
  175  11:02  Factory  
  175  11:03  Factory  
  179  11:04  Factory  
  179  11:09  Siege Tank x2  
  173  11:42  Command Center x2  
  173  11:43  Command Center  
Show
View Real Time Build Order
Export as new Build Order

SKillous Zerg 

Build Orders: Hatch First, Swarm Host 

Get SALT Encoding   

  12  0:01  Drone  
  13  0:12  Overlord  
  13  0:18  Drone  
  14  0:31  Drone  
  14  0:32  Drone  
  16  0:36  Drone  
  17  0:53  Hatchery  
  17  0:55  Drone  
  17  0:58  Drone  
  18  1:09  Extractor  
  17  1:15  Spawning Pool  
  17  1:17  Drone  
  17  1:19  Drone  
  18  1:27  Drone  
  19  1:38  Overlord  
  19  2:01  Zergling x4, Queen  
  19  2:05  Drone, Queen  
  26  2:09  Metabolic Boost  
  26  2:10  Drone  
  27  2:20  Drone  
  28  2:23  Drone  
  28  2:29  Drone  
  30  2:39  Hatchery  
  28  2:44  Queen  
  28  2:47  Drone  
  31  2:52  Overlord  
  31  2:55  Drone  
  33  2:58  Drone  
  33  3:06  Drone  
  33  3:10  Drone x2  
  36  3:16  Drone x2  
  36  3:17  Drone x2  
  36  3:18  Overlord  
  40  3:21  Drone  
  40  3:25  Drone x2  
  43  3:34  Drone  
  43  3:36  Queen  
  46  3:43  Drone x4  
  46  3:47  Zergling x4  
  52  3:51  Extractor  
  51  3:55  Queen  
  51  3:56  Evolution Chamber  
  51  3:58  Zergling x4  
  51  3:59  Drone x2  
  51  4:02  Drone x2  
  58  4:10  Overlord  
  58  4:24  Overlord  
  58  4:25  Zerg Ground Armor Level 1  
  58  4:27  Evolution Chamber  
  58  4:28  Zergling x4  
  59  4:33  Zergling x12  
  59  4:34  Zergling x2  
  65  4:39  Overlord  
  65  4:40  Overlord, Drone  
  65  4:41  Overlord  
  66  4:51  Overlord  
  66  4:54  Zerg Melee Weapons Level 1  
  66  4:58  Baneling Nest  
  64  5:03  Drone x8  
  64  5:05  Drone  
  73  5:11  Drone x2  
  73  5:13  Lair, Drone  
  76  5:16  Drone  
  76  5:17  Extractor  
  76  5:19  Drone x2  
  76  5:20  Drone  
  72  5:36  Drone x5  
  69  5:43  Zergling x10  
  69  5:55  Zergling x6  
  69  5:56  Zergling x4  
  70  6:08  Drone x3  
  70  6:09  Drone x2  
  75  6:13  Drone  
  75  6:18  Centrifical Hooks  
  76  6:20  Baneling x3  
  76  6:22  Drone x2  
  78  6:33  Zergling x6  
  75  6:40  Zergling x2  
  75  6:41  Zergling x4  
  75  6:45  Drone x6  
  81  6:49  Drone x3  
  84  6:54  Extractor, Drone x2  
  84  6:55  Hydralisk Den  
  84  7:01  Drone  
  82  7:02  Drone  
  82  7:03  Drone  
  83  7:09  Drone x2  
  83  7:10  Drone x2  
  83  7:11  Extractor  
  83  7:15  Drone x4  
  88  7:18  Zerg Missile Weapons Level 1  
  88  7:20  Zerg Melee Weapons Level 2  
  89  7:23  Drone  
  89  7:25  Extractor  
  89  7:26  Overlord x2  
  88  7:34  Hydralisk  
  88  7:35  Overlord  
  90  7:37  Hatchery  
  89  7:45  Infestation Pit, Hydralisk  
  89  7:46  Hydralisk  
  89  7:55  Drone x2  
  89  7:56  Drone x2  
  89  7:57  Hydralisk x3  
  95  8:02  Overlord  
  95  8:03  Muscular Augments  
  95  8:06  Hydralisk  
  97  8:13  Zergling x2  
  97  8:14  Zergling x4  
  100  8:20  Hydralisk  
  100  8:21  Hydralisk x2  
  100  8:23  Overlord x6  
  100  8:24  Zergling x2  
  100  8:25  Baneling x2  
  100  8:26  Baneling  
  107  8:28  Baneling x2, Hatchery  
  107  8:32  Hydralisk x3  
  112  8:43  Hydralisk  
  112  8:44  Hydralisk x2  
  112  8:45  Zergling x12  
  123  8:54  Drone  
  124  8:55  Overlord  
  122  9:15  Swarm Host x7  
  136  9:29  Queen  
  136  9:35  Swarm Host x2  
  136  9:36  Hydralisk  
  140  9:39  Hydralisk  
  140  9:40  Hydralisk x3  
  140  9:41  Zergling x10  
  140  9:42  Queen  
  152  9:56  Queen  
  152  9:57  Zergling x12  
  159  10:10  Drone x4  
  159  10:11  Drone x4  
  167  10:17  Swarm Host  
  167  10:18  Swarm Host x2  
  174  10:29  Baneling x10  
  174  10:30  Baneling x3  
  174  10:38  Zergling x4  
  174  10:39  Zergling x2  
  174  10:46  Hydralisk x4  
  174  10:48  Zergling x2  
  168  10:53  Hydralisk x3  
  168  10:54  Zergling x2  
  145  11:02  Hydralisk x3  
  140  11:07  Hydralisk  
  140  11:11  Hydralisk x2  
  140  11:27  Hydralisk x4  
Tags
 
Add a new tag
Caveats
  • Supply blocks, unpowered buildings, or Contaminate may cause inaccurate times.
  • Supply counts are checked every 10 seconds.